Unix xNetHack Version 7.1.0 - last build Jul 19 2022 04:02:08 (a8c4666137c2c631a57c77f6261166d76d9e3895). Game began 2022-07-19 09:23:32, ended 2022-07-19 11:09:49. Raisse, neutral female gnomish Wizard ----------- ------- -------- |.........| ----------- |......### |......| |.........| |.........| |..~_.| #######.......- |.........| |.%.*.....| |.....| # |%.....| #..........+ |.........| |....>- .......| #----------- #..........| ----|-- -.--.---# # #|.........| ### ####### ## #------|---- # # ## ## # ####### G ######## # # h# # ## # ###### -----|------ ### ## # |....@.....| # ### # # |%?(.[(%[(!| #### # ------------.-- |[%[!?!)(?+| #------.-# |.....<.......| ------------ #|....>.|# |.............| #|......|# |........#....| #........# |.............| -------- --------------- Raisse the Conjurer St:10 Dx:13 Co:13 In:16 Wi:13 Ch:11 Neutral Dlvl:3 $:6 HP:0(22) Pw:37(37) AC:9 Xp:3/41 T:716 Latest messages: A conical hat lands on the altar. A scroll called teleport lands on the altar. 8 arrows land on the altar. There is a black flash as a war hammer named Mjollnir hits the altar. A ruby potion lands on the altar. There is an amber flash as a wooden crude dagger hits the altar. A knife lands on the altar. A crude dagger lands on the altar. A skull cap lands on the altar. There is a black flash as a key named pc hits the altar. That was all. i - 8 uncursed arrows {8}. l - a blessed wooden crude dagger {3}. o - an uncursed crude dagger {10}. a - an uncursed runed dagger {10}. m - an uncursed knife {5}. j - a cursed war hammer named Mjollnir {50}. b - an uncursed conical hat {4}. p - an uncursed skull cap {30}. h - an uncursed scroll called teleport {5}. k - an uncursed ruby potion {20}. q - a cursed key named pc {3}. You swap places with Poes. There's some graffiti on the floor here. You read: "Thev sav that a ?ock tr?ce ?an hurt you if vou do?'t see it.". You stop. Poes is in the way! You hear someone counting gold coins. The door opens. You swap places with Poes. "Hello, Raisse! Welcome to Upernavik's general store!" The hobbit wields a runed dagger! You hear the footsteps of a guard on patrol. You swap places with Poes. Poes eats an egg. Poes misses the hobbit. You begin bashing monsters with your bare hands. You hit the hobbit. The hobbit thrusts his runed dagger. The hobbit jabs you! What do you want to wield? [- agijlmo or ?*] a a - an uncursed runed dagger (weapon in hand) {10}. The hobbit thrusts his runed dagger. The hobbit stabs you! You begin bashing monsters with your runed dagger. You miss the hobbit. The hobbit thrusts his runed dagger. The hobbit gores you! You die... Do you want your possessions identified? [ynq] (y) y Do you want to see your attributes? [ynq] (y) q Major events: Turn 1: Raisse the neutral female gnomish Wizard entered the dungeon 257: found Mjollnir on the floor 672: attained the rank of Conjurer (level 3) 716: killed by a hobbit Inventory: Inventory: 346/625 weight (17/52 slots) Coins $ - 6 gold pieces {1} Weapons a - an uncursed +0 elven dagger (weapon in hand) {10} g - a blessed +1 quarterstaff {40} i - 8 uncursed +0 arrows {8} j - the cursed -2 Mjollnir {50} l - a blessed +2 wooden orcish dagger {3} m - an uncursed +0 knife {5} o - an uncursed +0 orcish dagger {10} Armor b - an uncursed +0 dunce cap {4} p - an uncursed +0 orcish helm {30} C - an uncursed +0 cloak of magic resistance (being worn) {8} Scrolls h - an uncursed scroll of teleportation {5} Spellbooks c - a blessed spellbook of force bolt {35} d - a blessed spellbook of magic missile {40} e - an uncursed spellbook of healing {35} f - an uncursed spellbook of turn undead {40} Potions k - an uncursed potion of healing {20} Tools q - a cursed skeleton key named pc {3} Raisse the Wizard's attributes: Background: You were a Conjurer, a level 3 female gnomish Wizard. You were neutral, on a mission for Thoth who was opposed by Ptah (lawful) and Anhur (chaotic). You were bisexual. You were in the Dungeons of Doom, on level 3. You entered the dungeon 716 turns ago. You had 41 experience points, 39 more were needed to attain level 4. Basics: You had 0 out of 22 hit points. You had all 37 energy points (spell power). Your armor class was 9. Your wallet contained 6 zorkmids. Autopickup was on for '$!?/"=+' plus thrown, with exceptions. Final Characteristics: Your strength was 10 (limit:18/50). Your dexterity was 13 (limit:18). Your constitution was 13 (limit:18). Your intelligence was 16 (limit:19). Your wisdom was 13 (limit:18). Your charisma was 11 (limit:18). Final Status: You were not hungry. You were unencumbered. You were wielding a dagger. You were unskilled in dagger. Final Attributes: You were fervently aligned. You were magic-protected. You had infravision. You were warded. You are dead. Miscellaneous: You never encountered a bones level. Total elapsed playing time was 37 minutes and 12 seconds. Vanquished creatures: a hobbit a yellow mold 2 jackals a fox 2 goblins 3 lichens a kobold zombie 3 newts 14 creatures vanquished. No species were genocided or became extinct. Voluntary challenges: You were illiterate. You never genocided any monsters. You never polymorphed an object. You never changed form. You used no wishes. You never scared an enemy with impunity. You were celibate. You never generated conflict. Achievements: You attained the rank of Conjurer. You entered a shop. The Dungeons of Doom: levels 1 to 3 Level 1: A fountain, a sink. Level 2: Level 3: <- You were here. A general store, an altar to Thoth, a tree. Final resting place for you, killed by a hobbit. Game over: __________ / \ / REST \ / IN \ / PEACE \ / \ | Raisse | | 6 Au | | killed by a | | hobbit | | | | | | 2022 | *| * * * | * _________)/\\_//(\/(/\)/\//\/|_)_______ Goodbye Raisse the Wizard... You died in The Dungeons of Doom on dungeon level 3 with 280 points, and 6 pieces of gold, after 716 moves. You were level 3 with a maximum of 22 hit points when you died.